 Dungeon Crawl Stone Soup version 0.26.1-15-g04117e645d (webtiles) character file.

Game seed: 8165226398669134855

73 Mitcholas the Cudgeller (level 4, 39/39 HPs)
             Began as a Minotaur Berserker on May 19, 2021.
             Was a Believer of Trog.
             Quit the game on level 2 of the Dungeon on Nov 8, 2022.
             The game lasted 00:18:09 (1936 turns).

Mitcholas the Cudgeller (Minotaur Berserker)        Turns: 1936, Time: 00:18:10

Health: 39/39      AC:  5    Str: 23    XL:     4   Next: 8%
Magic:  3/3        EV: 11    Int:  4    God:    Trog [**....]
Gold:   46         SH:  4    Dex:  9    Spells: 3/3 levels left

rFire    . . .     SeeInvis .   a - +0 mace
rCold    . . .     Faith    .   d - +0 buckler (curse)
rNeg     . . .     Spirit   .   l - +0 ring mail
rPois    .         Reflect  .   (helmet restricted)
rElec    .         Harm     .   (no cloak)
rCorr    .         Rampage  .   (no gloves)
Will     .....                  (no boots)
Stlth    ..........             (no amulet)
HPRegen  0.13/turn              (no ring)
MPRegen  0.08/turn              (no ring)

@: no status effects
A: retaliatory headbutt, horns 2
a: Renounce Religion, Berserk, Trog's Hand


You were on level 2 of the Dungeon.
You worshipped Trog.
Trog was pleased with you.
You visited 1 branch of the dungeon, and saw 2 of its levels.

You collected 46 gold pieces.

Inventory:

Hand Weapons
 a - a +0 mace (weapon)
Missiles
 c - 11 poisoned darts
 f - 52 stones (quivered)
Armour
 d - a cursed +0 buckler (worn)
 l - a +0 ring mail (worn)
Scrolls
 b - a scroll of teleportation {unknown}
 e - 3 scrolls of identify {unknown}
 h - a scroll of enchant weapon {unknown}
 j - a scroll of fog {unknown}
Potions
 g - a potion of attraction {unknown}
 k - a potion of curing {unknown}


   Skills:
 - Level 3.6 Fighting
 + Level 5.3 Maces & Flails
 - Level 2.4 Armour
 - Level 2.1 Dodging
 + Level 2.4 Shields


You had 3 spell levels left.
You didn't know any spells.
Your spell library was empty.

Dungeon Overview and Level Annotations

Branches:
Dungeon (2/15)

Altars:


Innate Abilities, Weirdness & Mutations

You reflexively headbutt those who attack you in melee.
You have a pair of horns on your head.


Message History

You hit the gnoll but do no damage.
The gnoll is almost dead.
The gnoll hits you with a +0 club.
You hit the gnoll.
You kill the gnoll!
Trog accepts your kill.
You have reached level 4!
You feel stronger.
You start resting.
HP restored.
Welcome back, Mitcholas the Minotaur Berserker.
Trog says: Kill them all!
Press ? for a list of commands and other information.
Welcome back, Mitcholas the Minotaur Berserker.
Trog says: Kill them all!
Press ? for a list of commands and other information.
Welcome back, Mitcholas the Minotaur Berserker.
Trog says: Kill them all!
Press ? for a list of commands and other information.
Are you sure you want to abandon this character and quit the game? (Confirm with "yes".)

.........####.###.#.....#.#.#
.........##.....#...........#
..?......##.....#.......#.###
.........##.....#########.#
..................... #.#
###.#.#..........### #.# #
#.#..>.......# #.#
..#....##.รท.[####.. #.# ...
#....##..@....... #.#
.......#....##..........
#.######
...................#####
#....... ##...#####.##......#
######## ...................#
....>..###.##.#....#
.......+.........#.#
.......####.######.#
........[..(.......#


There were no monsters in sight!

Vanquished Creatures
  An adder (D:2)
  3 gnolls
  A dart slug (D:1)
  2 leopard geckos (D:1)
  3 giant cockroaches (D:1)
  6 goblins (D:1)
  2 hobgoblins (D:1)
  A quokka (D:2)
  3 bats (D:1)
  A frilled lizard (D:1)
  9 rats
32 creatures vanquished.

Notes
Turn   | Place    | Note
-------+----------+-------------------------------------------
     0 | D:1      | Mitcholas the Minotaur Berserker began the quest for the
                  | Orb.
     0 | D:1      | Reached XP level 1. HP: 19/19 MP: 0/0
   106 | D:1      | Reached skill level 4 in Maces & Flails
   202 | D:1      | Reached XP level 2. HP: 18/26 MP: 1/1
   644 | D:1      | Reached skill level 1 in Shields
   968 | D:1      | Reached ** piety under Trog
  1005 | D:1      | Reached XP level 3. HP: 31/31 MP: 2/2
  1521 | D:2      | Reached skill level 5 in Maces & Flails
  1858 | D:2      | Reached XP level 4. HP: 28/39 MP: 3/3
  1936 | D:2      | Upgraded the game from 0.26.1-11-gd32895ea62 to
                  | 0.26.1-15-g04117e645d
  1936 | D:2      | Quit the game

Illustrated notes

Levels and vault maps discovered:
D:1:      wander_arrival_fairy_ring, layout_basic
D:2:      layout_basic, makhleb_heckhound_becter, kennysheep_nub

Skill      XL: |  1  2  3 |
---------------+----------+-----
Maces & Flails | 4 5 |  5.3
Shields        | 1 2 |  2.4
Fighting       | |  3.6
Armour         | |  2.4
Dodging        | |  2.1

Action                   |  1- 3 |  4- 6 || total
-------------------------+-------+-------++-------
Melee: Mace              |    72 |       ||    72
       Headbutt          |    10 |       ||    10
Throw: Stone             |     7 |       ||     7
Invok: Berserk           |     2 |       ||     2
       Trog's Hand       |     1 |       ||     1
Armor: Animal skin       |     6 |       ||     6
       Leather armour    |     3 |       ||     3
       Ring mail         |     4 |       ||     4
Dodge: Dodged            |    30 |       ||    30
Block: Buckler           |     2 |       ||     2
